[Event "EYCC Open-U18 2019"]
[Site "Bratislava"]
[Date "2019.08.09"]
[Round "8.3"]
[White "Hakobyan, Aram"]
[Black "Nguyen, Thai Dai Van"]
[Result "0-1"]
[ECO "A06"]
[WhiteElo "2568"]
[BlackElo "2535"]
[Annotator "ChessBase"]
[PlyCount "156"]
[EventDate "2019.08.02"]
[EventType "swiss"]
[EventCountry "SVK"]
[SourceTitle "playchess.com"]
[Source "ChessBase"]
[SourceQuality "1"]
[TimeControl "40/5400+30:1800+30"]

1. Nf3 d5 2. g3 Nf6 3. Bg2 e6 4. O-O Be7 5. d3 c5 6. e4 Nc6 7. Bf4 O-O 8. Ne5 Nxe5 9. Bxe5 Nd7 10. Bc3 d4 11. Bd2 Rb8 12. a4 b6 13. Na3 Bb7 14. Nc4 a6 15. f4 b5 16. Ne5 Bd6 17. Nxd7 Qxd7 18. axb5 axb5 19. Ra7 c4 20. f5 c3 21. Bc1 Bc5 22. f6 g6 23. Ra2 Ra8 24. Rxa8 Rxa8 25. b3 Ra1 26. Qg4 Ra2 27. Qe2 e5 28. Bh6 Bc8 29. h3 Qa7 30. Qd1 Be6 31. h4 Bf8 32. Bxf8 Kxf8 33. Qc1 Ke8 34. Qg5 Qc5 35. Rc1 h5 36. Kh2 Kd7 37. Bh3 Bxh3 38. Kxh3 Qd6 39. Kg2 Qe6 40. Kg1 Kc6 41. Kg2 Kd6 42. Qh6 Ra8 43. Rf1 Qg4 44. Qc1 Qe2+ 45. Rf2 Qe3 46. Qd1 Kc6 47. Re2 Qh6 48. Qf1 Kb7 49. Kh2 Ra6 50. Qh3 Kc7 51. Qf1 Qh8 52. Rf2 Qa8 53. Qc1 Ra1 54. Qh6 Rd1 55. Qg7 Qe8 56. Kg2 Kd6 57. Qh6 Qa8 58. Kh2 Ke6 59. Kg2 Kd6 60. Kh2 Qe8 61. Kg2 Kc5 62. Rf1 Rxf1 63. Kxf1 Kb4 64. Qc1 Qe6 65. Kg2 Qg4 66. Kf2 Qh3 67. Qg1 Qe6 68. Qa1 Qxf6+ 69. Kg2 Qd6 70. Qa8 f5 71. Kf3 Qf6 72. exf5 gxf5 73. Ke2 f4 74. Qg8 fxg3 75. Qxg3 Ka3 76. b4 Qf4 77. Qg8 Qe3+ 78. Kf1 Qc1+ 0-1

[Event "EYCC Open-U18 2019"]
[Site "Bratislava"]
[Date "2019.08.09"]
[Round "8.5"]
[White "Gorshtein, Ido"]
[Black "Gumularz, Szymon"]
[Result "0-1"]
[ECO "A16"]
[WhiteElo "2367"]
[BlackElo "2502"]
[Annotator "ChessBase"]
[PlyCount "88"]
[EventDate "2019.08.02"]
[EventType "swiss"]
[EventCountry "SVK"]
[SourceTitle "playchess.com"]
[Source "ChessBase"]
[SourceQuality "1"]
[TimeControl "40/5400+30:1800+30"]

1. c4 Nf6 2. Nc3 e5 3. a3 Nc6 4. e3 d5 5. cxd5 Nxd5 6. Qc2 Nxc3 7. Qxc3 Bd6 8. Bc4 Qg5 9. Kf1 O-O 10. d3 a5 11. e4 Qh5 12. Be3 Kh8 13. Ne2 Bd7 14. h3 Qh4 15. g3 Qh5 16. Ke1 f5 17. exf5 Qxf5 18. Bd5 Nb4 19. Be4 Qf7 20. Qd2 Nd5 21. Nc3 c6 22. Rc1 Rad8 23. Bg2 Bf5 24. Ne4 Bc7 25. Bc5 Rfe8 26. Qe2 b6 27. Be3 c5 28. Kf1 Qg6 29. Bf3 Nf6 30. Qc2 Rf8 31. Kg2 Nd5 32. g4 Bc8 33. Rhe1 Rf7 34. Ng3 Qf6 35. Qe2 Ba6 36. Rc4 Bxc4 37. dxc4 e4 38. Bxe4 Nxe3+ 39. Qxe3 Qxb2 40. Bd5 Rff8 41. Ne4 Rde8 42. a4 Qc2 43. Bc6 Re7 44. Re2 Qxc4 0-1

[Event "EYCC Open-U18 2019"]
[Site "Bratislava"]
[Date "2019.08.09"]
[Round "8.6"]
[White "Vrolijk, Liam"]
[Black "Maksimovic, Bojan"]
[Result "1/2-1/2"]
[ECO "A42"]
[WhiteElo "2478"]
[BlackElo "2326"]
[Annotator "ChessBase"]
[PlyCount "158"]
[EventDate "2019.08.02"]
[EventType "swiss"]
[EventCountry "SVK"]
[SourceTitle "playchess.com"]
[Source "ChessBase"]
[SourceQuality "1"]
[TimeControl "40/5400+30:1800+30"]

1. c4 g6 2. d4 Bg7 3. Nc3 d6 4. e4 e5 5. Nge2 exd4 6. Nxd4 Nf6 7. Be2 O-O 8. Be3 Re8 9. f3 c6 10. Bf2 d5 11. exd5 cxd5 12. c5 Nc6 13. O-O Nh5 14. Qd2 Be5 15. g3 Bh3 16. Rfe1 Qd7 17. Rad1 Rad8 18. a3 Ng7 19. b4 Ne6 20. Nb3 d4 21. Ne4 Bf5 22. Bc4 Bxe4 23. Rxe4 Bf6 24. f4 a6 25. Qd3 Nc7 26. Nd2 Nd5 27. Rxe8+ Rxe8 28. Ne4 Rxe4 29. Qxe4 Nc3 30. Qf3 Nxd1 31. Qxd1 h5 32. Qf3 Ne7 33. Bf1 Nc6 34. Qe4 Kg7 35. Be2 Ne7 36. Bf3 Nc6 37. Qd5 Qe7 38. Be4 Qc7 39. Kg2 Qe7 40. h3 Qc7 41. Kf3 Qe7 42. Bd3 Qc7 43. Qd6 Qc8 44. Kg2 Qe8 45. Qd5 Qc8 46. Bc4 Qc7 47. Kf3 Qe7 48. Bb3 Qc7 49. Qd6 Qc8 50. g4 hxg4+ 51. hxg4 Qh8 52. Kg2 Qc8 53. Kf3 Qh8 54. Kg2 Qc8 55. Bd1 Be7 56. Qd5 Qc7 57. Kf3 g5 58. Bg3 gxf4 59. Bxf4 Qd8 60. Qxd8 Bxd8 61. Ke4 Kf8 62. Ba4 Ke8 63. Kd5 Kd7 64. Be5 d3 65. Bf4 Bf6 66. Kc4 Bb2 67. Kb3 Bg7 68. Kc4 Bb2 69. Bd2 Ke6 70. Kxd3 Bxa3 71. Bxc6 bxc6 72. Kc3 a5 73. bxa5 Kd5 74. Bg5 Bxc5 75. Bd8 Bd4+ 76. Kb4 c5+ 77. Kb3 c4+ 78. Kb4 Bc5+ 79. Kc3 Bd4+ {[%emt 0:00:04] Kxd4+} 1/2-1/2

[Event "EYCC Open-U18 2019"]
[Site "Bratislava"]
[Date "2019.08.09"]
[Round "8.7"]
[White "Chatzieleftheriou, Andreas"]
[Black "Salemgareev, Tagir"]
[Result "0-1"]
[ECO "B03"]
[WhiteElo "2208"]
[BlackElo "2412"]
[Annotator "NA"]
[PlyCount "106"]
[EventDate "2019.08.02"]
[EventType "swiss"]
[EventCountry "SVK"]
[SourceTitle "playchess.com"]
[Source "ChessBase"]
[SourceQuality "1"]
[TimeControl "40/5400+30:1800+30"]

1. e4 Nf6 2. e5 Nd5 3. d4 d6 4. exd6 exd6 5. c4 Nb6 6. Nc3 Nc6 7. Nf3 Bg4 8. Be3 Be7 9. b3 O-O 10. Be2 Re8 11. O-O Bf6 12. h3 Bh5 13. Qd2 d5 14. c5 Nc8 15. Rfe1 h6 16. Ne5 Bxe2 17. Nxc6 bxc6 18. Nxe2 Ne7 19. Ng3 Ng6 20. Re2 Nf8 21. Rae1 Bg5 22. Bxg5 Rxe2 23. Rxe2 hxg5 24. Nf1 Ne6 25. Nh2 Nf4 26. Re3 Qd7 27. Nf3 f6 28. Ne1 Kf7 29. Nd3 Ne6 30. Nb4 Rh8 31. Nc2 Rh4 32. Qd1 Qc8 33. a4 Nf4 34. Ne1 g4 35. Nd3 Ng6 36. hxg4 Qh8 37. Rh3 Rxh3 38. gxh3 Qxh3 39. Ne1 Qc3 40. Nf3 Nf4 41. g5 fxg5 42. Nxg5+ Kf6 43. Nf3 g5 44. Ne5 Qxd4 45. Nd7+ Ke7 46. Qxd4 Ne2+ 47. Kg2 Nxd4 48. Nb8 a5 49. Kg3 Kd8 50. Kg4 Kc8 51. Na6 Kb7 52. Kxg5 Kxa6 53. f4 Nxb3 0-1

[Event "EYCC Open-U18 2019"]
[Site "Bratislava"]
[Date "2019.08.09"]
[Round "8.8"]
[White "Murzin, Volodar"]
[Black "Levitskiy, Andrey"]
[Result "1-0"]
[ECO "B51"]
[WhiteElo "2429"]
[BlackElo "2280"]
[Annotator "NA"]
[PlyCount "167"]
[EventDate "2019.08.02"]
[EventType "swiss"]
[EventCountry "SVK"]
[SourceTitle "playchess.com"]
[Source "ChessBase"]
[SourceQuality "1"]
[TimeControl "40/5400+30:1800+30"]

1. e4 c5 2. Nf3 d6 3. Bb5+ Nc6 4. O-O Bd7 5. Re1 Nf6 6. c3 a6 7. Bf1 Bg4 8. h3 Bxf3 9. Qxf3 e6 10. d3 Be7 11. Nd2 O-O 12. Qe2 d5 13. g3 Re8 14. Bg2 b5 15. e5 Nd7 16. f4 Rb8 17. Nf3 Bf8 18. d4 Qb6 19. Be3 b4 20. h4 bxc3 21. bxc3 Na5 22. f5 exf5 23. Ng5 h6 24. Nh3 cxd4 25. cxd4 Nc4 26. Bf2 Nf6 27. Nf4 Qc6 28. Rac1 Rbc8 29. Bh3 Qd7 30. Nh5 Ne4 31. Qf3 Ncd2 32. Qf4 Rxc1 33. Rxc1 g6 34. Qxd2 gxh5 35. Qf4 Qa4 36. Bxf5 Qxa2 37. Bxe4 dxe4 38. Qxe4 Bg7 39. Rc2 Qb3 40. Qc6 Rb8 41. Re2 Qd3 42. Qc2 Qf3 43. Re3 Qd5 44. Ra3 a5 45. Ra1 Rb3 46. Rxa5 Rxg3+ 47. Bxg3 Qxa5 48. Qe4 Qa4 49. Bf2 Qd1+ 50. Kg2 Kf8 51. Qf3 Qc2 52. Qxh5 Ke7 53. Qg4 Qc6+ 54. Kh2 Qc2 55. Qg2 Kf8 56. Bg3 Qf5 57. Qe2 Qe6 58. Qe4 Qa2+ 59. Qg2 Qa1 60. Qf2 Kg8 61. Qd2 Kh7 62. Bf4 Kg8 63. Qd3 Qa2+ 64. Kg3 Qa1 65. Qe3 Qd1 66. e6 fxe6 67. Qxe6+ Kh7 68. Qe4+ Kg8 69. Qd5+ Kh8 70. Be3 Qe1+ 71. Bf2 Qc3+ 72. Kg2 Qd3 73. Qe6 Kh7 74. h5 Qd2 75. Qe3 Qc2 76. d5 Qf5 77. Qf3 Qg5+ 78. Kh3 Be5 79. Bh4 Qg7 80. Qf5+ Kg8 81. Qg4 Kf7 82. Qe6+ Kf8 83. d6 Bb2 84. Be7+ 1-0

[Event "EYCC Open-U18 2019"]
[Site "Bratislava"]
[Date "2019.08.09"]
[Round "8.9"]
[White "Bjerre, Jonas Buhl"]
[Black "Baenziger, Fabian"]
[Result "1/2-1/2"]
[ECO "B90"]
[WhiteElo "2503"]
[BlackElo "2352"]
[Annotator "ChessBase"]
[PlyCount "50"]
[EventDate "2019.08.02"]
[EventType "swiss"]
[EventCountry "SVK"]
[SourceTitle "playchess.com"]
[Source "ChessBase"]
[SourceQuality "1"]
[TimeControl "40/5400+30:1800+30"]

1. e4 c5 2. Nf3 d6 3. d4 cxd4 4. Nxd4 Nf6 5. Nc3 a6 6. Be3 e5 7. Nb3 Be6 8. h3 Be7 9. g4 d5 10. exd5 Nxd5 11. Bg2 Nxe3 12. Qxd8+ Bxd8 13. fxe3 Bh4+ 14. Kf1 Nc6 15. Bd5 Bxd5 16. Nxd5 O-O-O 17. c4 g6 18. Ke2 f5 19. gxf5 gxf5 20. Rhg1 Rhg8 21. Rxg8 Rxg8 22. Rf1 Rg2+ 23. Kd3 Bf2 24. Ke2 Bh4+ 25. Kd3 Bf2 {[%emt 0:11:57] Ke4} 1/2-1/2

[Event "EYCC Open-U18 2019"]
[Site "Bratislava"]
[Date "2019.08.09"]
[Round "8.10"]
[White "Tisaj, Domen"]
[Black "Pechac, Jergus"]
[Result "0-1"]
[ECO "A45"]
[WhiteElo "2232"]
[BlackElo "2469"]
[Annotator "ChessBase"]
[PlyCount "152"]
[EventDate "2019.08.02"]
[EventType "swiss"]
[EventCountry "SVK"]
[SourceTitle "playchess.com"]
[Source "ChessBase"]
[SourceQuality "1"]
[TimeControl "40/5400+30:1800+30"]

1. d4 Nf6 2. Bg5 e6 3. Nd2 h6 4. Bh4 c5 5. e3 b6 6. c3 Be7 7. Ngf3 O-O 8. Bd3 d5 9. Ne5 Nfd7 10. Bxe7 Qxe7 11. f4 a5 12. O-O Ba6 13. Qe2 a4 14. a3 Re8 15. Rae1 f6 16. Nxd7 Qxd7 17. Nf3 Bxd3 18. Qxd3 Nc6 19. Rd1 Qc7 20. e4 Na5 21. exd5 exd5 22. dxc5 Qxc5+ 23. Nd4 Nc4 24. Rf2 Re4 25. Qg3 Ne3 26. Rb1 Rae8 27. h3 Qc7 28. Qg6 Qf7 29. Qxf7+ Kxf7 30. f5 R8e5 31. b3 axb3 32. Rxb3 Nc4 33. Rb5 h5 34. Nc6 Re1+ 35. Kh2 Re8 36. Rxd5 Ne3 37. Rd7+ Kg8 38. Rd4 Rc1 39. Nb4 Nf1+ 40. Kg1 Ng3+ 41. Kh2 Re3 42. Rf3 h4 43. Rxh4 Nf1+ 44. Kg1 Nd2+ 45. Kf2 Nxf3 46. gxf3 Rexc3 47. Nd5 Rxa3 48. Nxb6 Ra2+ 49. Kg3 Rg1+ 50. Kf4 Rb1 51. Nd5 Ra4+ 52. Kg3 Rg1+ 53. Kh2 Rxh4 54. Kxg1 Rxh3 55. Kg2 Rh5 56. Kg3 Kh7 57. Ne3 Kh6 58. Kg4 Rg5+ 59. Kh4 Rg1 60. Ng4+ Kh7 61. Kh3 Ra1 62. Kg3 Ra4 63. Nf2 Kh6 64. Ne4 Kh5 65. Kf4 Kh4 66. Ke3 Kh3 67. Kf4 Kg2 68. Kg4 Rd4 69. Kf4 Rd3 70. Nc5 Rxf3+ 71. Ke4 Ra3 72. Ne6 Ra7 73. Kf4 Kh3 74. Nc5 Kh4 75. Ne6 Kh5 76. Kg3 Re7 0-1

[Event "EYCC Open-U18 2019"]
[Site "Bratislava"]
[Date "2019.08.09"]
[Round "8.12"]
[White "Gaifullin, Artur"]
[Black "Garayev, Kanan"]
[Result "1-0"]
[ECO "A13"]
[WhiteElo "2453"]
[BlackElo "2351"]
[Annotator "ChessBase"]
[PlyCount "75"]
[EventDate "2019.08.02"]
[EventType "swiss"]
[EventCountry "SVK"]
[SourceTitle "playchess.com"]
[Source "ChessBase"]
[SourceQuality "1"]
[TimeControl "40/5400+30:1800+30"]

1. Nf3 Nf6 2. c4 e6 3. g3 d5 4. Bg2 dxc4 5. Qa4+ c6 6. Qxc4 b5 7. Qc2 Bb7 8. O-O Nbd7 9. a4 b4 10. d3 c5 11. Nbd2 Be7 12. Nc4 O-O 13. a5 Rc8 14. e4 Nb8 15. b3 Ba6 16. Bb2 Nc6 17. Nfd2 Qd7 18. e5 Nd5 19. Ne4 Nd4 20. Qd1 Nb5 21. Qg4 Kh8 22. Rac1 Ndc3 23. Nxc3 bxc3 24. Ba1 Rfd8 25. Be4 Nd4 26. Rxc3 Rb8 27. Bb2 Nxb3 28. Ba3 g6 29. h4 h5 30. Qf4 Kg7 31. Nd6 Bxd6 32. Qf6+ Kg8 33. exd6 Qa4 34. Bxg6 Rd7 35. Be4 Rxd6 36. Rxc5 Nxc5 37. Bxc5 Bxd3 38. Qg5+ 1-0

[Event "EYCC Open-U18 2019"]
[Site "Bratislava"]
[Date "2019.08.09"]
[Round "8.14"]
[White "Godzwon, Iwo"]
[Black "Travadon, Loic"]
[Result "0-1"]
[ECO "C41"]
[WhiteElo "2285"]
[BlackElo "2403"]
[Annotator "NA"]
[PlyCount "136"]
[EventDate "2019.08.02"]
[EventType "swiss"]
[EventCountry "SVK"]
[SourceTitle "playchess.com"]
[Source "ChessBase"]
[SourceQuality "1"]
[TimeControl "40/5400+30:1800+30"]

1. e4 e5 2. Nf3 d6 3. d4 exd4 4. Nxd4 Nf6 5. Nc3 Be7 6. Bf4 O-O 7. Qd2 d5 8. Ndb5 Bb4 9. f3 Ba5 10. O-O-O a6 11. Na3 c6 12. Qe3 b5 13. exd5 cxd5 14. Ne4 Bb6 15. Nxf6+ Qxf6 16. Qe5 Qxe5 17. Bxe5 Be3+ 18. Kb1 b4 19. Bd6 bxa3 20. Bxf8 Kxf8 21. Rxd5 Be6 22. Rd8+ Ke7 23. Rh8 Bf4 24. Bd3 Ra7 25. g3 Bd6 26. b3 Nd7 27. Rxh7 g6 28. Rh4 Ne5 29. Be2 Rc7 30. Ra4 Rc3 31. f4 Nc6 32. Rxa6 Nb4 33. Ra7+ Kf8 34. Rc1 Bf5 35. Rxa3 Rc8 36. Kb2 Nxc2 37. Ra4 Be7 38. Ra6 Bc5 39. Ra4 Be7 40. Ra6 Bb4 41. Bc4 Ne3 42. Ra7 Rd8 43. Rxf7+ Ke8 44. Rxf5 gxf5 45. a3 Rd2+ 46. Kb1 Bxa3 47. Re1 Bc5 48. Re2 Rd1+ 49. Ka2 Kd7 50. b4 Bd4 51. Bf7 Kc6 52. Kb3 Kb6 53. Be6 Rb1+ 54. Ka4 Nd1 55. Rc2 Nc3+ 56. Ka3 Nb5+ 57. Ka4 Bc3 58. Bb3 Be1 59. Rg2 Nd4 60. Bf7 Rxb4+ 61. Ka3 Bc3 62. h3 Rb5 63. Be8 Ra5+ 64. Ba4 Kc5 65. g4 Kc4 66. gxf5 Nb5+ 67. Ka2 Rxa4+ 68. Kb1 Ra1+ 0-1

[Event "EYCC Open-U18 2019"]
[Site "Bratislava"]
[Date "2019.08.09"]
[Round "8.16"]
[White "Schoppen, Casper"]
[Black "Golikov, Daniil"]
[Result "1/2-1/2"]
[ECO "C11"]
[WhiteElo "2493"]
[BlackElo "2257"]
[Annotator "ChessBase"]
[PlyCount "80"]
[EventDate "2019.08.02"]
[EventType "swiss"]
[EventCountry "SVK"]
[SourceTitle "playchess.com"]
[Source "ChessBase"]
[SourceQuality "1"]
[TimeControl "40/5400+30:1800+30"]

1. e4 e6 2. d4 d5 3. Nc3 Nf6 4. e5 Nfd7 5. f4 c5 6. Nf3 Nc6 7. Be3 Be7 8. Qd2 O-O 9. dxc5 Bxc5 10. Bxc5 Nxc5 11. O-O-O Qa5 12. a3 a6 13. Kb1 Na4 14. Nxa4 Qxa4 15. Bd3 Bd7 16. Ng5 h6 17. Nh7 Rfc8 18. g4 Nd4 19. c3 Nb3 20. Qg2 Bb5 21. Bc2 d4 22. Rxd4 Bc6 23. Qg3 Qxd4 24. cxd4 Nd2+ 25. Kc1 Be4 26. Kxd2 Rxc2+ 27. Kd1 Rd8 28. Qe3 Rc4 29. Re1 Rdxd4+ 30. Ke2 Bxh7 31. Rc1 Bd3+ 32. Kf3 Be4+ 33. Kf2 Bc2 34. b3 Rxf4+ 35. Kg3 Rxg4+ 36. Kf3 Rce4 37. Qc3 Ref4+ 38. Ke3 Re4+ 39. Kf3 Ref4+ 40. Ke3 Re4+ {[%emt 0:00:00] Kxe4} 1/2-1/2

[Event "EYCC Open-U18 2019"]
[Site "Bratislava"]
[Date "2019.08.09"]
[Round "8.17"]
[White "Blohberger, Felix"]
[Black "Hurdzan, Tomas"]
[Result "1/2-1/2"]
[ECO "A06"]
[WhiteElo "2476"]
[BlackElo "2231"]
[Annotator "ChessBase"]
[PlyCount "151"]
[EventDate "2019.08.02"]
[EventType "swiss"]
[EventCountry "SVK"]
[SourceTitle "playchess.com"]
[Source "ChessBase"]
[SourceQuality "1"]
[TimeControl "40/5400+30:1800+30"]

1. Nf3 d5 2. g3 Bg4 3. Bg2 Nd7 4. h3 Bh5 5. c4 e6 6. d3 c6 7. O-O Ngf6 8. cxd5 exd5 9. Nc3 Bc5 10. Qb3 Bb6 11. Na4 Bxf3 12. Bxf3 O-O 13. Nxb6 Nc5 14. Qc2 axb6 15. e3 Qd6 16. b3 Rfe8 17. Bb2 h6 18. Bg2 Nfd7 19. a3 Qg6 20. Rad1 Nf6 21. Rfe1 h5 22. a4 Ncd7 23. Qc3 Re7 24. e4 dxe4 25. dxe4 Nc5 26. e5 Nd5 27. Qc4 Qe6 28. Ba3 Ree8 29. Bxc5 bxc5 30. Qxc5 Rad8 31. h4 Qe7 32. Qxe7 Rxe7 33. Rd4 Red7 34. Bh3 Re7 35. f4 g6 36. Red1 Kg7 37. Bg2 Red7 38. Bh3 Re7 39. Bg2 Red7 40. a5 f6 41. e6 Rd6 42. e7 Re8 43. Bxd5 cxd5 44. Rxd5 Rxd5 45. Rxd5 Rxe7 46. Rb5 Kf7 47. Rb6 Kg7 48. b4 Kf7 49. Kf2 Kg7 50. b5 Kf7 51. Kf3 Rd7 52. Ke4 Ke7 53. a6 bxa6 54. bxa6 Rd1 55. a7 Ra1 56. Rb7+ Ke6 57. Kd4 Kf5 58. Rg7 Ra5 59. Kc4 Ke4 60. Kb4 Ra1 61. Kb5 Kf3 62. Kb6 Kxg3 63. Rxg6+ Kxf4 64. Rxf6+ Kg4 65. Rf8 Kxh4 66. a8=Q Rxa8 67. Rxa8 Kg3 68. Kc5 h4 69. Kd4 h3 70. Ke3 Kg2 71. Ra2+ Kg3 72. Ra7 Kg2 73. Kf4 h2 74. Ra2+ Kh3 75. Rxh2+ Kxh2 76. Ke4 1/2-1/2

[Event "EYCC Open-U18 2019"]
[Site "Bratislava"]
[Date "2019.08.09"]
[Round "8.18"]
[White "Kotau, Arseni"]
[Black "Mitsis, Georgios"]
[Result "0-1"]
[ECO "E01"]
[WhiteElo "2227"]
[BlackElo "2399"]
[Annotator "NA"]
[PlyCount "80"]
[EventDate "2019.08.02"]
[EventType "swiss"]
[EventCountry "SVK"]
[SourceTitle "playchess.com"]
[Source "ChessBase"]
[SourceQuality "1"]
[TimeControl "40/5400+30:1800+30"]

1. d4 Nf6 2. c4 e6 3. g3 d5 4. Bg2 Bb4+ 5. Bd2 Bd6 6. Nf3 c6 7. Qc2 Nbd7 8. O-O O-O 9. Rd1 Qe7 10. a3 Re8 11. Bg5 h6 12. Bc1 e5 13. cxd5 cxd5 14. dxe5 Nxe5 15. Nc3 Nc6 16. b4 Be6 17. Nb5 Bb8 18. Bb2 a5 19. Nfd4 Ra6 20. Nxe6 fxe6 21. bxa5 Nxa5 22. e4 Nxe4 23. Bxe4 dxe4 24. Qxe4 Nb3 25. Rab1 Nc5 26. Qg4 e5 27. Rbc1 Kh8 28. Nc3 Qf7 29. Nd5 Ba7 30. Rc2 Rd6 31. Ne3 Rxd1+ 32. Qxd1 Ne4 33. Kg2 Bxe3 34. fxe3 Qb3 35. Bxe5 Kh7 36. Bd4 Rf8 37. Qc1 Qd5 38. Kg1 Ng5 39. Rg2 Nh3+ 40. Kh1 Qe4 0-1

[Event "EYCC Open-U18 2019"]
[Site "Bratislava"]
[Date "2019.08.09"]
[Round "8.19"]
[White "Fus, Jakub"]
[Black "Garanin, Aleksei"]
[Result "1-0"]
[ECO "E97"]
[WhiteElo "2341"]
[BlackElo "2192"]
[Annotator "NA"]
[PlyCount "65"]
[EventDate "2019.08.02"]
[EventType "swiss"]
[EventCountry "SVK"]
[SourceTitle "playchess.com"]
[Source "ChessBase"]
[SourceQuality "1"]
[TimeControl "40/5400+30:1800+30"]

1. d4 Nf6 2. c4 g6 3. Nc3 Bg7 4. e4 d6 5. Nf3 O-O 6. Be2 e5 7. O-O Nc6 8. d5 Ne7 9. Nd2 Nd7 10. b4 f5 11. a4 Nf6 12. f3 f4 13. c5 g5 14. Nc4 Ng6 15. cxd6 cxd6 16. Nb5 Ne8 17. Bd2 Rf6 18. Be1 Nh4 19. Bf2 b6 20. g3 fxg3 21. hxg3 Ng6 22. Kg2 Qd7 23. Rh1 Qf7 24. Be3 h6 25. a5 Bd7 26. Nd2 bxa5 27. Rxa5 a6 28. Na7 Nf4+ 29. gxf4 gxf4 30. Bf2 Rg6+ 31. Kf1 Qe7 32. Nc6 Qg5 33. Rg1 1-0

[Event "EYCC Open-U18 2019"]
[Site "Bratislava"]
[Date "2019.08.09"]
[Round "8.20"]
[White "Guerra Rivera, Salvador"]
[Black "Brinovec, David"]
[Result "1-0"]
[ECO "C64"]
[WhiteElo "2355"]
[BlackElo "2205"]
[Annotator "NA"]
[PlyCount "58"]
[EventDate "2019.08.02"]
[EventType "swiss"]
[EventCountry "SVK"]
[SourceTitle "playchess.com"]
[Source "ChessBase"]
[SourceQuality "1"]
[TimeControl "40/5400+30:1800+30"]

1. e4 e5 2. Nf3 Nc6 3. Bb5 Bc5 4. Nxe5 Nxe5 5. d4 c6 6. dxc5 cxb5 7. Nc3 Nf6 8. f4 Nc4 9. e5 O-O 10. exf6 Re8+ 11. Kf2 Qxf6 12. Re1 Rxe1 13. Qxe1 h6 14. Qe8+ Kh7 15. Qe4+ g6 16. Nd5 Qh4+ 17. Kg1 d6 18. g3 Qd8 19. b3 Bf5 20. Qf3 Na5 21. Bb2 b4 22. Qe3 Nc6 23. Rd1 h5 24. Nf6+ Kh6 25. g4 Bxg4 26. f5+ g5 27. Rxd6 Qxd6 28. cxd6 Bxf5 29. h4 Nb8 1-0

[Event "EYCC Open-U18 2019"]
[Site "Bratislava"]
[Date "2019.08.09"]
[Round "8.21"]
[White "Oboladze, Luka"]
[Black "Kukas, Oliver"]
[Result "1/2-1/2"]
[ECO "D83"]
[WhiteElo "2323"]
[BlackElo "2082"]
[Annotator "NA"]
[PlyCount "95"]
[EventDate "2019.08.02"]
[EventType "swiss"]
[EventCountry "SVK"]
[SourceTitle "playchess.com"]
[Source "ChessBase"]
[SourceQuality "1"]
[TimeControl "40/5400+30:1800+30"]

1. d4 Nf6 2. c4 g6 3. Nc3 d5 4. Bf4 Bg7 5. e3 O-O 6. Rc1 c6 7. Nf3 Be6 8. Qb3 Qb6 9. c5 Qxb3 10. axb3 Nbd7 11. h3 h6 12. b4 a6 13. Nd2 g5 14. Bh2 Bf5 15. Nb3 Ne8 16. Na5 Ra7 17. g4 Be6 18. Bd3 f5 19. gxf5 Bxf5 20. Bxf5 Rxf5 21. Na4 Rf7 22. Nb6 e6 23. Nxd7 Rxd7 24. h4 g4 25. h5 Re7 26. Rg1 Nf6 27. Ke2 Ra8 28. Be5 Nxh5 29. Rxg4 Kh7 30. Bd6 Rf7 31. Rh1 Nf6 32. Rgh4 Re8 33. Rf4 Rd8 34. f3 Rdd7 35. Rfh4 Ng8 36. Nb3 Rf6 37. Nd2 Rg6 38. Kf2 Bf6 39. R4h2 Rdg7 40. Nf1 Be7 41. Bg3 Bg5 42. Rh3 Rf7 43. Nh2 Bd8 44. Bf4 Bg5 45. Bb8 Bd8 46. Bg3 Nf6 47. Bf4 Bc7 48. Bxc7 1/2-1/2

[Event "EYCC Open-U18 2019"]
[Site "Bratislava"]
[Date "2019.08.09"]
[Round "8.22"]
[White "Anghelus, Alin-Gabriel"]
[Black "Papp, Levente"]
[Result "1-0"]
[ECO "C01"]
[WhiteElo "2107"]
[BlackElo "2362"]
[Annotator "NA"]
[PlyCount "113"]
[EventDate "2019.08.02"]
[EventType "swiss"]
[EventCountry "SVK"]
[SourceTitle "playchess.com"]
[Source "ChessBase"]
[SourceQuality "1"]
[TimeControl "40/5400+30:1800+30"]

1. e4 e6 2. d4 d5 3. exd5 exd5 4. Nf3 Nc6 5. Bb5 Bd6 6. O-O Nge7 7. c4 dxc4 8. Bxc4 Bf5 9. Nc3 O-O 10. Bg5 Na5 11. Be2 f6 12. Be3 c6 13. a3 Be6 14. Nd2 b5 15. b4 Nb7 16. Bf3 Nd5 17. Nxd5 cxd5 18. Nb3 Qd7 19. Nc5 Bxc5 20. dxc5 Nd8 21. Bf4 Nf7 22. Re1 Rad8 23. Qd4 Rfe8 24. Rac1 Qc6 25. Re3 g5 26. Bg3 f5 27. Be5 f4 28. Ree1 g4 29. Be2 Bf5 30. Bxf4 Re4 31. Qd2 Rde8 32. f3 R4e6 33. fxg4 Be4 34. Bf3 d4 35. Bxe4 Rxe4 36. Rxe4 Rxe4 37. Re1 Nd8 38. Kf2 Ne6 39. g3 a6 40. g5 Qd5 41. Rxe4 Qxe4 42. Qe2 Qd5 43. Qe5 Qa2+ 44. Kf3 d3 45. Be3 Qb3 46. Qd6 Kf7 47. c6 Qc4 48. h4 d2 49. Qxd2 Qxc6+ 50. Kf2 Qe4 51. Qe2 Kg8 52. g4 Qh1 53. Kg3 Qa1 54. Qd3 Qe1+ 55. Kg2 Qxh4 56. Qf5 Ng7 57. Qd5+ 1-0

[Event "EYCC Open-U18 2019"]
[Site "Bratislava"]
[Date "2019.08.09"]
[Round "8.23"]
[White "Nordquelle, Daniel"]
[Black "Boev, Viktor"]
[Result "1/2-1/2"]
[ECO "B40"]
[WhiteElo "2181"]
[BlackElo "2246"]
[Annotator "NA"]
[PlyCount "101"]
[EventDate "2019.08.02"]
[EventType "swiss"]
[EventCountry "SVK"]
[SourceTitle "playchess.com"]
[Source "ChessBase"]
[SourceQuality "1"]
[TimeControl "40/5400+30:1800+30"]

1. e4 c5 2. Nf3 e6 3. c4 Nc6 4. Nc3 Nge7 5. Be2 a6 6. O-O Qc7 7. Re1 Nd4 8. Nxd4 cxd4 9. Nb1 g6 10. d3 Bg7 11. b4 O-O 12. a4 d5 13. exd5 exd5 14. c5 a5 15. bxa5 Rxa5 16. Na3 Bd7 17. Bg5 Bxa4 18. Qd2 Nc8 19. Qb4 Qxc5 20. Qxb7 Bc6 21. Qb2 Qc3 22. Qa2 Qc5 23. Rec1 Qd6 24. Bd2 Ra6 25. Qb2 Rb6 26. Qa2 Ne7 27. Ba5 Rb7 28. Rcb1 Rfb8 29. Rxb7 Rxb7 30. Nc2 Nf5 31. Bd2 h5 32. g3 Be5 33. Kg2 Kg7 34. Rb1 Rxb1 35. Qxb1 Bd7 36. Ne1 Qe6 37. Qd1 Bf6 38. Nf3 Ba4 39. Qe1 Bc2 40. Bf4 Qb6 41. Qd2 Qb1 42. h4 Ba4 43. Be5 Bb5 44. Bxf6+ Kxf6 45. Nxd4 Nxd4 46. Qg5+ Kg7 47. Qe5+ Kg8 48. Qxd4 Qb3 49. Bf3 Qxd3 50. Qxd3 Bxd3 51. Bxd5 1/2-1/2

[Event "EYCC Open-U18 2019"]
[Site "Bratislava"]
[Date "2019.08.09"]
[Round "8.24"]
[White "Van Foreest, Lucas"]
[Black "Marzo Pie, Xavier"]
[Result "1-0"]
[ECO "B06"]
[WhiteElo "2521"]
[BlackElo "2202"]
[Annotator "ChessBase"]
[PlyCount "119"]
[EventDate "2019.08.02"]
[EventType "swiss"]
[EventCountry "SVK"]
[SourceTitle "playchess.com"]
[Source "ChessBase"]
[SourceQuality "1"]
[TimeControl "40/5400+30:1800+30"]

1. e4 g6 2. d4 Bg7 3. Nf3 d6 4. Bc4 Nf6 5. Qe2 O-O 6. e5 dxe5 7. dxe5 Nd5 8. O-O c6 9. Rd1 Be6 10. Bb3 Qc7 11. c4 Nb6 12. Bf4 N8d7 13. Nbd2 Nc5 14. Bc2 Bg4 15. h3 Ne6 16. hxg4 Nxf4 17. Qe3 Ne6 18. b3 Rfd8 19. Re1 Rd7 20. Nf1 Rad8 21. Ng3 c5 22. Ne2 Nd4 23. Nexd4 cxd4 24. Qd3 e6 25. Re4 Re7 26. g5 Nd7 27. Rxd4 Rde8 28. Rd1 Nxe5 29. Nxe5 Qxe5 30. Rg4 Rc7 31. Qf3 b5 32. Bd3 a6 33. Bf1 Qf5 34. cxb5 axb5 35. Qxf5 gxf5 36. Rb4 Rc2 37. Bxb5 Rb8 38. Bd3 Rxb4 39. Bxc2 Rd4 40. Kf1 Kf8 41. Ke2 Ke7 42. Rxd4 Bxd4 43. f3 Bb2 44. Kd3 Bc1 45. a4 Bxg5 46. a5 Kd6 47. b4 Kc6 48. Ba4+ Kb7 49. Be8 e5 50. Bxf7 e4+ 51. fxe4 fxe4+ 52. Kc4 e3 53. Bh5 Ka6 54. Kb3 Kb5 55. Be2+ Kc6 56. Kc4 Kb7 57. b5 Be7 58. Bf3+ Ka7 59. Kb3 h5 60. Bxh5 1-0